 Dungeon Crawl Stone Soup version 0.19.1 (webtiles) character file.

123 Ice the Skirmisher (level 4, 0/42 HPs)
             Began as a Minotaur Berserker on Dec 6, 2016.
             Was a Believer of Trog.
             Slain by an orc warrior
             ... wielding a +0 short sword
              (15 damage)
             ... on level 3 of the Dungeon.
             The game lasted 00:06:57 (1851 turns).

Ice the Skirmisher (Minotaur Berserker)             Turns: 1851, Time: 00:06:58

Health: 0/42       AC:  8    Str: 21    XL:     4   Next: 79%
Magic:  3/3        EV: 11    Int:  4    God:    Trog [**....]
Gold:   51         SH:  0    Dex: 11    Spells: 0 memorised, 3 levels left

rFire  . . .     SeeInvis .     e - +2 dagger (freeze)
rCold  . . .     Gourm    .     r - +0 ring mail
rNeg   . . .     Faith    .     (no shield)
rPois  .         Spirit   .     (helmet restricted)
rElec  .         Reflect  .     (no cloak)
rCorr  .         Harm     .     (no gloves)
MR     .....                    m - +2 pair of boots {Fly}
Stlth  +.........               (no amulet)
                                (no ring)
                                (no ring)

@: flying
A: retaliatory headbutt, horns 2
a: Berserk, Trog's Hand, Burn Spellbooks, Renounce Religion, Stop Flying


You were on level 3 of the Dungeon.
You worshipped Trog.
Trog was pleased with you.
You were not hungry.

You visited 1 branch of the dungeon, and saw 3 of its levels.

You collected 51 gold pieces.

Inventory:

Hand Weapons
 e - a +2 dagger of freezing (weapon)
Missiles
 a - a throwing net
 h - 81 stones (quivered)
 p - 7 poisoned needles
 q - 18 arrows
Armour
 m - a +2 pair of boots of flying (worn)
 r - a +0 ring mail (worn)
Scrolls
 b - a scroll of enchant armour
Potions
 f - a potion of might {unknown}
 g - 2 potions of cancellation {unknown}
 i - a potion of cure mutation {unknown}
 k - 3 potions of resistance
 n - a potion of curing {unknown}
Comestibles
 c - a bread ration
 d - 13 chunks of flesh
 j - a beef jerky
 l - 3 fruits
 o - a royal jelly


   Skills:
 - Level 5.0 Fighting
 - Level 1.0 Short Blades
   Level 3.6 Axes
 - Level 2.4 Armour
 - Level 2.1 Dodging
 + Level 2.9 Stealth


You had 3 spell levels left.
You didn't know any spells.

Dungeon Overview and Level Annotations

Branches:
Dungeon (3/15)

Altars:


Innate Abilities, Weirdness & Mutations

You reflexively headbutt those who attack you in melee.
You have a pair of horns on your head.


Message History

The orc warrior barely misses you.
You completely miss the orc warrior.
The orc warrior is moderately wounded.
The orc warrior hits you with a short sword!
Your ring mail prevents you from hitting the orc warrior.
You headbutt the orc warrior.
The orc warrior is heavily wounded.
The orc warrior closely misses you. You furiously retaliate!
You headbutt the orc warrior.
You hit the orc warrior but do no damage.
Your headbutt misses the orc warrior.
The orc warrior is heavily wounded.
The orc warrior hits you but does no damage.
The orc wizard mumbles some strange words.
The orc wizard blinks!
You hit the orc warrior. You freeze the orc warrior.
You headbutt the orc warrior, but do no damage.
The orc warrior is severely wounded.
The orc warrior hits you with a short sword!
You die...

.. .. . #.
.### ..#
#.#
######@#
#.##....#o#
#.....o.oo#
######.####
... .....
.......
.......
#######


You could see an orc warrior, an orc priest and an orc.

Vanquished Creatures
  An orc wizard (D:3)
  3 adders (D:2)
  3 worms (D:2)
  3 dart slugs
  A leopard gecko (D:1)
  2 giant cockroaches
  8 goblins
  6 hobgoblins
  3 jackals (D:2)
  7 kobolds
  2 ball pythons
  7 bats
  3 frilled lizards
  2 rats (D:1)
51 creatures vanquished.

Notes
Turn   | Place    | Note
-------+----------+-------------------------------------------
     0 | D:1      | Ice the Minotaur Berserker began the quest for the Orb.
     0 | D:1      | Reached XP level 1. HP: 19/19 MP: 0/0
    34 | D:1      | Reached skill level 4 in Fighting
   139 | D:1      | Reached XP level 2. HP: 27/28 MP: 1/1
   677 | D:1      | Reached skill level 5 in Fighting
   865 | D:2      | Reached skill level 1 in Short Blades
   865 | D:2      | Reached XP level 3. HP: 32/36 MP: 2/2
   914 | D:2      | Reached ** piety under Trog
  1252 | D:2      | Reached skill level 1 in Stealth
  1400 | D:2      | Reached XP level 4. HP: 41/42 MP: 3/3
  1837 | D:3      | Noticed an orc warrior
  1851 | D:3      | Slain by an orc warrior

Skill      XL: |  1  2  3  4 |
---------------+-------------+-----
Fighting       | 4 5 |  5.0
Short Blades   | 1 |  1.0
Stealth        | 1 2 |  2.9
Axes           | |  3.6
Armour         | |  2.4
Dodging        | |  2.1

Action                   |  1- 3 |  4- 6 || total
-------------------------+-------+-------++-------
Melee: Dagger            |    67 |    30 ||    97
       Hand axe          |     3 |       ||     3
       Headbutt          |    13 |     4 ||    17
Throw: Stone             |   105 |    25 ||   130
  Use: Scroll            |     7 |     2 ||     9
 Stab: Sleeping          |     1 |       ||     1
  Eat: Chunk             |     1 |     2 ||     3
Armor: Animal skin       |    11 |       ||    11
       Ring mail         |     3 |    13 ||    16
Dodge: Dodged            |    37 |    17 ||    54
